 Dungeon Crawl Stone Soup version 0.23-a0-667-gc184e93 (webtiles) character file.

352019 Lilu the Peltast (level 21, -16/200 HPs)
             Began as a Minotaur Fighter on Jan 8, 2019.
             Was the Champion of the Shining One.
             Killed by a resonance strike
             ... invoked by a ragged hierophant
              (35 damage)
             ... in the Desolation of Salt on Jan 9, 2019.
             The game lasted 03:05:38 (51841 turns).

Lilu the Peltast (Minotaur Fighter)                Turns: 51841, Time: 03:05:39

Health: -16/200    AC: 30    Str: 24    XL:     21   Next: 30%
Magic:  8/29       EV: 14    Int: 15    God:    the Shining One [******]
Gold:   4292       SH: 35    Dex: 11    Spells: 23/28 levels left

rFire    . . .     SeeInvis +   H - +9 war axe of Wymeceni {speed, *Slow rElec Int+4 Stlth+}
rCold    + . .     Gourm    .   M - +2 large shield
rNeg     + + +     Faith    +   Y - +3 plate armour {MR+}
rPois    .         Spirit   .   C - +2 hat {SInv}
rElec    +         Reflect  .   w - +1 cloak
rCorr    .         Harm     .   O - +0 pair of gloves (curse)
MR       +++..                  y - +0 pair of boots
Stlth    ..........             b - amulet of faith
HPRegen  0.43/turn              t - ring of protection from cold
MPRegen  0.21/turn              R - ring of protection from magic

@: lethally poisoned (-16 -> -17), divine shield, glowing, studying Charms
A: retaliatory headbutt, horns 2
}: 2/15 runes: decaying, serpentine
a: Divine Shield, Cleansing Flame, Summon Divine Warrior, Brand Weapon With Holy
Wrath, Renounce Religion


You were in the Desolation of Salt.
You worshipped the Shining One.
The Shining One was exalted by your worship.
You were hungry.

You visited 8 branches of the dungeon, and saw 38 of its levels.
You visited the Abyss 1 time.
You also visited: Ice Cave and Desolation.

You collected 4572 gold pieces.
You spent 280 gold pieces at shops.

Inventory:

Hand Weapons
 g - the +8 mace "Guhivel" {freeze, rElec}
   (You found it on level 4 of the Dungeon)

   It has been specially enchanted to freeze those struck by it, causing extra
   injury to most foes and up to half again as much damage against particularly
   susceptible opponents.
   It can also slow down cold-blooded creatures.
   It insulates you from electricity.
 A - the +6 hand axe "Kuir" {chop, rN+ MR+}
   (You found it on level 9 of the Dungeon)

   It inflicts extra damage upon your enemies.
   It protects you from negative energy.
   It affects your resistance to hostile enchantments.
 H - the +9 war axe of Wymeceni (weapon) {speed, *Slow rElec Int+4 Stlth+}
   (You found it on level 5 of the Dungeon)

   Attacks with this weapon are significantly faster.
   It affects your intelligence (+4).
   It insulates you from electricity.
   It may slow you when you take damage.
   It makes you more stealthy.
 V - the +6 spear of Makhleb's Generosity {freeze, MR+ Dex+5 Stlth+}
   (You took it off a spriggan rider on level 5 of the Lair of Beasts)

   It has been specially enchanted to freeze those struck by it, causing extra
   injury to most foes and up to half again as much damage against particularly
   susceptible opponents.
   It can also slow down cold-blooded creatures.
   It affects your dexterity (+5).
   It affects your resistance to hostile enchantments.
   It makes you more stealthy.
Missiles
 p - 4 javelins (quivered)
Armour
 s - a +6 plate armour
 w - a +1 cloak (worn)
 y - a +0 pair of boots (worn)
 C - a +2 hat of see invisible (worn)
 M - a +2 large shield (worn)
 O - a cursed +0 pair of gloves (worn)
 W - a +0 crystal plate armour
 Y - a +3 plate armour of magic resistance (worn)
Jewellery
 b - an amulet of faith (around neck)
 e - a +2 ring of strength
 j - an uncursed ring of protection from fire
 t - a ring of protection from cold (left hand)
 x - an uncursed ring of poison resistance
 B - an uncursed ring of flight
 R - a ring of protection from magic (right hand)
Wands
 i - a wand of scattershot (17)
 n - a wand of digging (8)
 N - a wand of acid (3)
 T - a wand of iceblast (15)
 X - a wand of disintegration (9)
Scrolls
 a - 3 scrolls of fog
 k - 25 scrolls of identify
 l - 17 scrolls of teleportation
 q - 8 scrolls of enchant weapon
 z - 3 scrolls of fear
 E - 16 scrolls of remove curse
 F - a scroll of summoning
 G - 5 scrolls of blinking
 J - 3 scrolls of immolation
 K - 4 scrolls of magic mapping
 Q - 2 scrolls of enchant armour
 U - 6 scrolls of amnesia
 Z - a scroll of silence
Potions
 c - 2 potions of resistance
 d - 9 potions of might
 h - 6 potions of agility
 m - 15 potions of curing
 o - 5 potions of mutation
 r - 12 potions of lignification
 u - 2 potions of brilliance
 v - a potion of ambrosia
 D - 8 potions of heal wounds
 I - 9 potions of flight
 L - 2 potions of magic
Books
 P - a manual of Charms
Comestibles
 f - 59 rations
 S - a chunk of flesh


   Skills:
 + Level 19.7 Fighting
 - Level 15.8(16.0) Axes
 - Level 3.2(11.1) Maces & Flails
 + Level 19.2 Armour
 - Level 16.1 Dodging
 + Level 19.7 Shields
 - Level 4.0 Spellcasting
 - Level 4.0 Hexes
 + Level 9.3 Charms
 - Level 12.0 Invocations


You had 23 spell levels left.
You knew the following spells:

 Your Spells              Type           Power        Failure   Level  Hunger
a - Song of Slaying       Chrm           ####....     7%          2    ##.....
b - Spectral Weapon       Hex/Chrm       ###.....     38%         3    ###....

Your spell library contained the following spells:

 Spells                   Type           Power        Failure   Level  Hunger
 Infusion                 Chrm           ####         4%          1    None
 Confusing Touch          Hex            ###...       38%         1    None
 Corona                   Hex            ###....      38%         1    None
 Shroud of Golubria       Chrm/Tloc      ###.......   43%         2    ##.....
 Swiftness                Chrm/Air       ###.....     43%         2    ##.....
 Slow                     Hex            ###.....     52%         2    ##.....
 Ozocubu's Armour         Chrm/Ice       ###.....     67%         3    ###....
 Regeneration             Chrm/Necr      ###.......   67%         3    ###....
 Animate Skeleton         Necr           N/A          91%         1    None
 Apportation              Tloc           #.....       91%         1    None
 Freeze                   Ice            #...         91%         1    None
 Summon Small Mammal      Summ           #...         91%         1    None
 Inner Flame              Hex/Fire       #.......     95%         3    ###....
 Portal Projectile        Hex/Tloc       #.....       95%         3    ###....
 Summon Guardian Golem    Hex/Summ       #.......     95%         3    ###....
 Blink                    Tloc           N/A          97%         2    ##.....
 Call Imp                 Summ           #.......     97%         2    ##.....
 Corpse Rot               Necr           N/A          97%         2    ##.....
 Passwall                 Tmut/Erth      #.......     97%         2    ##.....
 Sublimation of Blood     Necr           #.........   97%         2    ##.....
 Throw Frost              Conj/Ice       #.....       97%         2    ##.....
 Call Canine Familiar     Summ           #.......     99%         3    ###....
 Ignite Poison            Fire/Tmut/Pois #.......     99%         3    ###....
 Cause Fear               Hex            ###.......   99%         4    ####...
 Leda's Liquefaction      Hex/Erth       #.........   100%        4    ####...
 Passage of Golubria      Tloc           N/A          100%        4    ####...
 Summon Ice Beast         Ice/Summ       #.......     100%        4    ####...
 Summon Lightning Spire   Summ/Air       #.......     100%        4    ####...
 Throw Icicle             Conj/Ice       #.......     100%        4    ####...
 Agony                    Necr           #.......     100%        5    ######.
 Bolt of Draining         Conj/Necr      #.........   100%        5    ######.
 Dispel Undead            Necr           #.......     100%        5    ######.
 Excruciating Wounds      Chrm/Necr      ###.......   100%        5    ######.
 Fireball                 Conj/Fire      #.........   100%        5    ######.
 Irradiate                Conj/Tmut      #.........   100%        5    ######.
 Lee's Rapid Deconstruct  Erth           #.........   100%        5    ######.
 Darkness                 Hex            ###.......   100%        6    #######
 Hydra Form               Tmut           #.........   100%        6    #######
 Invisibility             Hex            ###.....     100%        6    #######
 Statue Form              Tmut/Erth      #........    100%        6    #######
 Dragon Form              Tmut           #.........   100%        7    #######
 Disjunction              Tloc           #.........   100%        8    #######


Dungeon Overview and Level Annotations

Branches:
Dungeon (15/15)            Temple (1/1) D:4            Lair (6/6) D:9
  Swamp (4/4) Lair:2        Snake (4/4) Lair:4        Slime (0/5) Lair:6
    Orc (2/2) D:10            Elf (2/3) Orc:2        Vaults (4/5) D:13
  Crypt (0/3) Vaults:3     Depths (0/5) D:15

Altars:
Ashenzari
Cheibriados
Dithmenos
Elyvilon
Fedhas
Gozag
Hepliaklqana
Kikubaaqudgha
Makhleb
Nemelex Xobeh
Okawaru
Qazlal
Ru
Sif Muna
Trog
Uskayaw
Vehumet
Wu Jian
Xom
Yredelemnul
Zin
The Shining One
Beogh
Jiyva

Shops:
D:11 *   Orc:2 ((*(**   Elf:1 =   Snake:1 [=}(   Snake:4 [   Vaults:1 ?
Vaults:3 *

Annotations:
Elf:2 3 runed doors, kal9871's ghost, adept DsGl


Innate Abilities, Weirdness & Mutations

You reflexively headbutt those who attack you in melee.
You have a pair of horns on your head.


Message History

* * * LOW HITPOINT WARNING * * *
You block the saltling's attack. The saltling misses you.
You furiously retaliate!
You headbutt the saltling, but do no damage.
The peacekeeper roars a battlecry!
You block the saltling's attack.
The saltling hits you but does no damage.
You are momentarily dazzled by a brilliant light.
You feel somewhat more hungry. You block the saltling's attack.
The ragged hierophant gestures at you while chanting.
A blast of power from the earth and the adjacent constructs strikes you!
* * * LOW HITPOINT WARNING * * *
The saltling hits you!
* * * LOW HITPOINT WARNING * * *
The peacekeeper barely misses you. You furiously retaliate!
You headbutt the peacekeeper, but do no damage.
You block the peacekeeper's attack.
The ragged hierophant casts a spell at you.
A blast of power from the earth and the adjacent constructs strikes you!
You die...

.....#...............§§§
................#....§..
.................#...§§§
....................§§§§
...............).....§§§
.......∩.∩.....).)..§§§§
...............).)..#..
.............#8.8...#.§
.............#8@8..§..§§
#...........#.8.pA§§§.§.
#................§§§§§§§
.................§§§.§§§
...........p.§.§§§§§§§§#
.............§§§§§§§§.#
..#.........§§..
..........§..


You could see 2 ragged hierophants, a peacekeeper, 4 saltlings and a friendly
angel.

Vanquished Creatures
  An ancient lich (Abyss:3)
  Boris (Vaults:2)
  Nikola (Swamp:1)
  A deep elf blademaster (Elf:2)
  4 tentacled starspawn (Abyss:3)
  Kirke (D:15)
  Agnes (Snake:3)
  Frances (D:12)
  3 thorn hunters
  Roxanne (Elf:1)
  9 nagarajas
  5 tengu reavers
  3 deep elf sorcerers
  8 vault wardens
  3 frost giants
  2 angels (Vaults:4)
  2 spriggan defenders (Vaults:3)
  3 stone giants
  A vampire knight (Vaults:3)
  7 ironheart preservers
  2 deep elf demonologists
  A deep elf annihilator (Vaults:3)
  The ghost of Ratty the Blocker, a journeyman GnFi of Okawaru (Lair:5)
  Azrael (Elf:2)
  A deep elf death mage (Vaults:3)
  An ettin (Vaults:3)
  4 fire dragons
  7 ogre magi
  Snorg (Lair:6)
  A great orb of eyes (Vaults:1)
  5 yaktaur captains
  A ragged hierophant (Desolation)
  2 rakshasas
  2 servants of whispers (Desolation)
  3 shambling mangroves
  2 ice dragons
  Harold (D:11)
  20 hydras
  3 peacekeepers (Desolation)
  9 naga warriors
  A ghost crab (Swamp:4)
  Erica (D:11)
  Fannar (D:11)
  4 vault guards
  4 death knights
  The ghost of Borgoz the Cleaver, a novice HOAK of Lugonu (D:9)
  6 centaur warriors
  7 alligators
  6 anacondas
  A tengu warrior (D:15)
  15 two-headed ogres
  19 dancing weapons
  A thrashing horror (Abyss:3)
  9 naga sharpshooters
  4 orc high priests
  2 death yaks (IceCv)
  2 wretched stars (Abyss:3)
  6 shock serpents
  17 deep elf knights
  A shadow wraith (Vaults:3)
  3 salamander mystics
  An iron troll (D:13)
  5 skeletal warriors
  3 spriggans
  An unseen horror (D:12)
  A flayed ghost (Vaults:1)
  12 naga ritualists
  A spriggan druid (Swamp:2)
  A swamp dragon (shapeshifter) (Vaults:3)
  A tengu zombie (Vaults:3)
  12 swamp dragons
  Pikel (D:5)
  3 harpies (Vaults:3)
  21 deep elf archers
  5 wizards
  15 ironbrand convokers
  51 deep elf magi
  3 necromancers
  3 phantasmal warriors
  12 mana vipers
  13 orc knights
  30 ugly things
  7 wolf spiders
  4 orc sorcerers
  5 salamanders
  A salamander (shapeshifter) (Vaults:3)
  A harpy (shapeshifter) (Vaults:1)
  5 cyclopes
  A manticore (D:15)
  8 guardian serpents
  A rust devil (D:13)
  43 black mambas
  15 elephants
  An ice statue (IceCv)
  15 naga magi
  A storm dragon simulacrum (Vaults:3)
  10 vault sentinels
  5 rime drakes
  6 centaur skeletons
  25 spiny frogs
  30 yaktaurs
  A kobold demonologist (Elf:1)
  5 freezing wraiths
  2 komodo dragons (D:9)
  A red devil (D:13)
  A yaktaur skeleton (Vaults:3)
  15 polar bears
  10 trolls
  A wind drake (shapeshifter) (Vaults:3)
  18 saltlings (Desolation)
  16 hornets
  12 hippogriffs
  21 blink frogs
  45 slime creatures
  A wolf spider simulacrum (D:15)
  17 tyrant leeches
  An ettin zombie (Vaults:3)
  15 dream sheep
  2 meliai zombies
  7 bog bodies
  3 redbacks (Lair:6)
  2 shadows
  2 air elementals
  6 hogs
  A water elemental (Elf:2)
  8 wyverns (Lair:6)
  68 yaks
  9 wraiths
  8 basilisks
  A golden eye (shapeshifter) (Vaults:3)
  6 fire elementals
  2 steam dragons (Lair:6)
  A human (D:7)
  20 vampire mosquitoes
  2 hungry ghosts
  Menkaure (D:6)
  6 insubstantial wisps
  2 wargs
  56 nagas
  A deep troll zombie (Vaults:1)
  3 acid dragons
  18 swamp worms
  Duvessa (D:6)
  3 hell hounds (Elf:2)
  20 water moccasins
  2 soldier ants
  7 porcupines
  4 sky beasts
  3 black bears
  3 elephant zombies (Lair:5)
  A human zombie (Vaults:3)
  15 swamp drakes
  2 ice beasts
  An eye of draining (D:15)
  An ettin simulacrum (Vaults:3)
  26 orc warriors
  19 ogres
  30 wolves
  The ghost of Ratty the Caller, an amateur GnSu of Gozag (D:4)
  4 centaurs
  8 boggarts
  10 crocodiles
  An elf skeleton (Vaults:1)
  4 big kobolds
  23 bullfrogs
  A wyvern zombie (D:14)
  3 earth elementals (Elf:1)
  2 human simulacra
  An ogre simulacrum (Vaults:1)
  A gnoll sergeant (D:11)
  Dowan (D:6)
  A hornet simulacrum (Vaults:1)
  5 scorpions
  8 killer bees
  8 wights
  5 electric eels
  5 howler monkeys
  3 crimson imps
  2 quasits (Abyss:3)
  4 centaur zombies
  2 hounds
  28 orc wizards
  A jelly (D:14)
  2 bullfrog skeletons
  6 iron imps (D:13)
  Crazy Yiuf (D:3)
  22 orc priests
  6 iguanas
  Natasha (D:4)
  6 worker ants
  A killer bee zombie (D:9)
  A crocodile zombie (Lair:5)
  A hound zombie (D:11)
  A hound skeleton (D:6)
  6 gnolls
  17 adders
  2 shadow imps (D:11)
  An ooze (D:3)
  An adder zombie (D:6)
  An adder skeleton (D:9)
  5 worms (D:5)
  2 dart slugs
  6 leopard geckos
  69 orcs
  6 ball pythons
  10 bats
  6 giant cockroaches
  9 goblins
  9 hobgoblins
  12 jackals
  23 kobolds
  6 quokkas
  2 frilled lizards (D:2)
  A leopard gecko zombie (D:6)
  14 rats
  9 briar patches
  6 fungi
  13 plants
  2 starspawn tentacles (Abyss:3)
1589 creatures vanquished.

Vanquished Creatures (collateral kills)
  Saint Roka (Orc:2)
  Vashnia (Snake:4)
  Louise (Elf:1)
  3 naga warriors (Snake:3)
  A dancing weapon (Elf:2)
  A naga sharpshooter (Snake:4)
  2 deep elf knights (Elf:2)
  A swamp dragon (Swamp:3)
  An orc knight (Orc:2)
  2 guardian serpents (Snake:4)
  2 black mambas (Snake:3)
  A naga mage (Snake:3)
  4 blink frogs (Swamp:3)
  2 bog bodies (Swamp:3)
  A spriggan (Swamp:3)
  2 swamp worms (Swamp:3)
  4 nagas
  A warg (Orc:2)
  A swamp drake (Swamp:3)
32 creatures vanquished.

Vanquished Creatures (others)
  An alligator (Swamp:1)
  A dancing weapon (Elf:1)
  2 deep elf magi
  A naga mage (Snake:4)
  A human (D:15)
  A naga (Snake:4)
  A wolf (IceCv)
  A boggart (Vaults:3)
  A hound (D:5)
  An iguana (Lair:6)
  Ijyb (D:5)
  An adder (D:5)
  2 quokka skeletons (D:5)
  9 fungi
  15 plants
  9 starspawn tentacles (Abyss:3)
48 creatures vanquished.

Grand Total: 1669 creatures vanquished

Notes
Turn   | Place    | Note
-------+----------+-------------------------------------------
     0 | D:1      | Lilu the Minotaur Fighter began the quest for the Orb.
     0 | D:1      | Reached XP level 1. HP: 19/19 MP: 0/0
   117 | D:1      | Reached XP level 2. HP: 24/27 MP: 1/1
   552 | D:1      | Reached skill level 1 in Dodging
   799 | D:2      | Reached XP level 3. HP: 33/33 MP: 2/2
  1194 | D:2      | Reached XP level 4. HP: 28/40 MP: 3/3
  1334 | D:2      | Found a hide-covered altar of Uskayaw.
  1336 | D:2      | Found a white marble altar of Elyvilon.
  1336 | D:2      | Found an ancient bone altar of Kikubaaqudgha.
  1339 | D:2      | Found a sacrificial altar of Ru.
  1339 | D:2      | Found a glowing golden altar of the Shining One.
  1339 | D:2      | Found a shimmering altar of Xom.
  1696 | D:3      | Found a runed door.
  1723 | D:3      | Reached XP level 5. HP: 16/47 MP: 4/4
  2073 | D:3      | Reached XP level 6. HP: 23/55 MP: 5/5
  2501 | D:3      | Found a sacrificial altar of Ru.
  2507 | D:3      | Reached skill level 5 in Shields
  2625 | D:3      | Found a radiant altar of Vehumet.
  2638 | D:3      | Reached skill level 5 in Fighting
  2754 | D:3      | Noticed Crazy Yiuf
  2760 | D:3      | Killed Crazy Yiuf
  2760 | D:3      | Reached skill level 5 in Armour
  3020 | D:4      | Found a runed door.
  3021 | D:4      | Found a white marble altar of Elyvilon.
  3143 | D:4      | Found a staircase to the Ecumenical Temple.
  3174 | Temple   | Entered the Ecumenical Temple
  3214 | Temple   | Became a worshipper of the Shining One
  3316 | D:4      | Reached XP level 7. HP: 43/61 MP: 6/6
  3784 | D:4      | Got a brightly glowing mace
  3785 | D:4      | Identified the +8 mace "Guhivel" {freeze, rElec} (You found
                  | it on level 4 of the Dungeon)
  3843 | D:4      | Noticed Natasha
  3849 | D:4      | Killed Natasha
  3894 | D:4      | Noticed Ratty's ghost (amateur GnSu)
  3903 | D:4      | Reached skill level 1 in Maces & Flails
  3921 | D:4      | Killed Ratty's ghost
  4033 | D:5      | Entered Level 5 of the Dungeon
  4219 | D:5      | Found an opulent altar of Gozag.
  4232 | D:5      | Noticed Pikel
  4244 | D:5      | Killed Pikel
  4244 | D:5      | Reached XP level 8. HP: 52/71 MP: 7/7
  4447 | D:5      | Killed Ijyb
  4552 | D:5      | Got an ancient war axe
  4557 | D:5      | Identified the +9 war axe of Wymeceni {speed, *Slow rElec
                  | Int+4 Stlth+} (You found it on level 5 of the Dungeon)
  4715 | D:5      | Reached skill level 5 in Axes
  4715 | D:5      | Reached skill level 5 in Dodging
  4959 | D:5      | Noticed a moth of wrath
  4962 | D:5      | Found a bloodstained altar of Trog.
  5122 | D:6      | Noticed Menkaure
  5123 | D:6      | Noticed Dowan
  5124 | D:6      | Noticed Duvessa
  5128 | D:6      | Killed Duvessa
  5128 | D:6      | Killed Menkaure
  5133 | D:6      | Killed Dowan
  5235 | D:6      | Reached XP level 9. HP: 79/79 MP: 8/8
  5333 | D:6      | Found a white marble altar of Elyvilon.
  5608 | D:6      | Reached * piety under the Shining One
  6627 | D:7      | Reached XP level 10. HP: 86/90 MP: 9/9
  7450 | D:8      | Found a hazy altar of Hepliaklqana.
  7450 | D:8      | Found an iron altar of Okawaru.
  7787 | D:9      | Reached ** piety under the Shining One
  7895 | D:9      | Found a blossoming altar of Fedhas.
  7919 | D:9      | Got a brightly glowing hand axe
  7920 | D:9      | Identified the +6 hand axe "Kuir" {chop, rN+ MR+} (You
                  | found it on level 9 of the Dungeon)
  7963 | D:9      | Found a runed gate.
  7963 | D:9      | Found a runed gate.
  7964 | D:9      | Found a runed gate.
  7965 | D:9      | Noticed Borgoz's ghost (novice HOAK)
  8695 | D:9      | Found a staircase to the Lair.
  8815 | D:10     | Entered Level 10 of the Dungeon
  8815 | D:10     | Noticed a two-headed ogre
  8826 | D:10     | Killed a two-headed ogre
  8826 | D:10     | Reached XP level 11. HP: 99/99 MP: 6/10
  8834 | D:10     | Reached skill level 10 in Fighting
  8840 | D:10     | Reached skill level 10 in Shields
  8846 | D:10     | Reached skill level 10 in Armour
  8994 | D:10     | Found a staircase to the Orcish Mines.
  9352 | D:11     | Reached skill level 1 in Invocations
  9356 | D:11     | Reached *** piety under the Shining One
  9421 | D:11     | Found a radiant altar of Vehumet.
  9534 | D:11     | Found Loocito's Demolitions Depot.
  9735 | D:11     | Found a frozen archway.
  9786 | IceCv    | Entered an ice cave
 10106 | IceCv    | Reached **** piety under the Shining One
 10398 | IceCv    | Reached skill level 10 in Axes
 10404 | IceCv    | Reached XP level 12. HP: 100/110 MP: 13/13
 10956 | IceCv    | HP: 3/110 [ice statue] (19)]
 10956 | IceCv    | HP: 1/110 [ice statue/shard of ice (2)]
 11091 | IceCv    | Noticed a death yak
 11100 | IceCv    | Killed a death yak
 11436 | IceCv    | Noticed a frost giant
 11436 | IceCv    | Noticed a death yak
 11445 | IceCv    | Killed a frost giant
 11445 | IceCv    | Reached skill level 10 in Dodging
 11452 | IceCv    | Killed a death yak
 11468 | IceCv    | Identified Kulemm's Incunabulum of Heat and the Voyage
 12109 | D:11     | Noticed Fannar
 12144 | D:11     | Killed Fannar
 12285 | D:11     | Noticed Erica
 12300 | D:11     | Killed Erica
 12364 | D:11     | Noticed Harold
 12379 | D:11     | Killed Harold
 12777 | D:12     | Found a white marble altar of Elyvilon.
 12851 | D:12     | Noticed Frances
 12895 | D:12     | Killed Frances
 12895 | D:12     | Reached skill level 5 in Invocations
 13351 | D:12     | Reached XP level 13. HP: 116/118 MP: 15/15
 14015 | Lair:1   | Entered Level 1 of the Lair of Beasts
 14299 | Lair:1   | Reached ***** piety under the Shining One
 14954 | Lair:2   | Found a staircase to the Swamp.
 15064 | Lair:2   | You fall through a shaft for 2 floors!
 16756 | Lair:4   | Found a staircase to the Snake Pit.
 17229 | Lair:5   | Reached XP level 14. HP: 120/129 MP: 17/17
 17662 | Lair:5   | Found a runed door.
 17662 | Lair:5   | Noticed Ratty's ghost (journeyman GnFi)
 17663 | Lair:5   | Identified the +6 spear of Makhleb's Generosity {freeze,
                  | MR+ Dex+5 Stlth+}
 17756 | Lair:5   | You fall through a shaft!
 17756 | Lair:6   | Entered Level 6 of the Lair of Beasts
 17757 | Lair:6   | Noticed Snorg
 17779 | Lair:6   | Killed Snorg
 18785 | Lair:5   | Reached ****** piety under the Shining One
 19082 | Lair:6   | Found a staircase to the Slime Pits.
 19083 | Lair:6   | Found a viscous altar of Jiyva.
 21074 | D:13     | Found a basalt altar of Yredelemnul.
 21573 | D:13     | Reached XP level 15. HP: 120/138 MP: 19/19
 21581 | D:13     | Found a gate to the Vaults.
 22501 | D:15     | Entered Level 15 of the Dungeon
 22646 | D:15     | Found a snail-covered altar of Cheibriados.
 23181 | D:15     | Noticed Kirke
 23193 | D:15     | Killed Kirke
 23468 | D:15     | Found a staircase to the Depths.
 23802 | D:15     | Got a steaming dire flail
 23809 | D:15     | Identified the +1 dire flail of Ashenzari {flame, rPois
                  | Str-3 Int+3 Dex+3} (You found it on level 15 of the
                  | Dungeon)
 24137 | Snake:1  | Entered Level 1 of the Snake Pit
 24152 | Snake:1  | Found Tegh's Jewellery Boutique.
 24171 | Snake:1  | Found Qason's Antique Weapon Shop.
 24171 | Snake:1  | Found Cuirat's Antique Armour Boutique.
 24174 | Snake:1  | Found Jophuq's Gadget Shop.
 24203 | Snake:1  | Bought an uncursed ring of poison resistance for 280 gold
                  | pieces
 25795 | Snake:2  | Noticed a nagaraja
 25814 | Snake:2  | Killed a nagaraja
 26009 | Snake:2  | Reached XP level 16. HP: 147/147 MP: 21/21
 26363 | Snake:2  | Reached skill level 15 in Fighting
 26363 | Snake:2  | Reached skill level 15 in Shields
 26708 | Snake:2  | Reached skill level 15 in Armour
 29231 | Snake:3  | Found a stormy altar of Qazlal.
 29462 | Snake:3  | Noticed Agnes
 29470 | Snake:3  | Killed Agnes
 30201 | Swamp:1  | Entered Level 1 of the Swamp
 30213 | Swamp:1  | Reached skill level 15 in Axes
 30303 | Swamp:1  | Reached skill level 10 in Invocations
 30835 | Swamp:1  | Identified a scroll of acquirement
 31850 | Swamp:1  | Noticed Nikola
 31882 | Swamp:1  | Killed Nikola
 32081 | Swamp:1  | Noticed a thorn hunter
 32099 | Swamp:1  | Killed a thorn hunter
 32396 | Swamp:2  | You fall through a shaft!
 32460 | Swamp:2  | You fall through a shaft!
 33559 | Swamp:2  | Reached XP level 17. HP: 156/158 MP: 23/23
 34516 | Swamp:4  | Entered Level 4 of the Swamp
 36522 | Swamp:4  | Got a decaying rune of Zot
 37101 | Snake:4  | Entered Level 4 of the Snake Pit
 38385 | Snake:4  | Noticed Vashnia
 38438 | Snake:4  | Reached XP level 18. HP: 102/168 MP: 4/25
 38829 | Snake:4  | Killed Vashnia
 38920 | Snake:4  | Got a serpentine rune of Zot
 39341 | Snake:4  | Found Wetzahoff's Antique Armour Boutique.
 40034 | Lair:5   | Killed Ratty's ghost
 40286 | D:9      | Killed Borgoz's ghost
 40341 | Orc:1    | Entered Level 1 of the Orcish Mines
 40731 | Orc:2    | Entered Level 2 of the Orcish Mines
 40883 | Orc:2    | Found Syedgheux's Mass Market.
 40970 | Orc:2    | Found a staircase to the Elven Halls.
 40993 | Orc:2    | Found a roughly hewn altar of Beogh.
 41049 | Orc:2    | Found Archagam's Mayhem Merchandise.
 41182 | Orc:2    | Noticed Saint Roka
 41652 | Orc:2    | Killed Saint Roka
 41663 | Orc:2    | Found Oty Jich's Weapon Boutique.
 41663 | Orc:2    | Found Siefeucu's Antique Weapon Shoppe.
 41673 | Orc:2    | Found Panarah's General Store.
 41673 | Orc:2    | Found Bineepa's Antique Weapon Boutique.
 41967 | Elf:1    | Entered Level 1 of the Elven Halls
 42065 | Elf:1    | Reached skill level 15 in Dodging
 42084 | Elf:1    | Reached skill level 1 in Charms
 42210 | Elf:1    | Noticed Roxanne
 42241 | Elf:1    | Killed Roxanne
 42241 | Elf:1    | Reached skill level 1 in Spellcasting
 42831 | Elf:1    | Noticed Louise
 42836 | Elf:1    | Identified the +7 large shield of the Sparrow {-Tele rF+
                  | rC++ rN+}
 42840 | Elf:1    | Cast into level 3 of the Abyss (Louise)
 42986 | Abyss:3  | Noticed an ancient lich
 43008 | Abyss:3  | Killed an ancient lich
 43008 | Abyss:3  | Reached XP level 19. HP: 48/143 MP: 11/18
 43016 | Elf:1    | Escaped the Abyss
 43031 | Elf:1    | Killed Louise
 43375 | Elf:1    | Found Kakloegh's Jewellery Boutique.
 43788 | Elf:2    | Noticed Azrael
 43800 | Elf:2    | Killed Azrael
 43935 | Elf:2    | Found a runed gate.
 43936 | Elf:2    | Found a runed gate.
 43937 | Elf:2    | Found a runed gate.
 43940 | Elf:2    | Identified the +8 double sword "Jaotuz" {slice, rElec rPois
                  | rC+ Str+3}
 43940 | Elf:2    | Noticed kal9871's ghost (adept DsGl)
 44176 | Elf:2    | Found a huge runed gate.
 44176 | Elf:2    | Found a huge runed gate.
 44176 | Elf:2    | Found a huge runed gate.
 44176 | Elf:2    | Found a huge runed gate.
 44176 | Elf:2    | Found a huge runed gate.
 44409 | Elf:2    | Learned a level 2 spell: Song of Slaying
 44413 | Elf:2    | Learned a level 3 spell: Spectral Weapon
 45147 | Vaults:1 | Entered Level 1 of the Vaults
 45174 | Vaults:1 | Reached skill level 1 in Hexes
 45180 | Vaults:1 | Reached skill level 5 in Charms
 45198 | Vaults:1 | Noticed a Brimstone Fiend
 45494 | Vaults:1 | Found Piemot's Magic Scroll Emporium.
 46431 | Vaults:1 | Identified the +0 robe of Satisfaction {rC+ rCorr SInv}
 46818 | Vaults:1 | Reached XP level 20. HP: 180/189 MP: 28/28
 48480 | Vaults:2 | Noticed Boris
 48495 | Vaults:2 | Killed Boris
 50265 | Vaults:3 | Found a staircase to the Crypt.
 50336 | Vaults:3 | Found Utery's General Store.
 50800 | Vaults:3 | Reached XP level 21. HP: 198/198 MP: 29/29
 51674 | Vaults:4 | Found a ruined gateway.
 51676 | Vaults:4 | Found a glowing silver altar of Zin.
 51676 | Vaults:4 | Found a white marble altar of Elyvilon.
 51676 | Vaults:4 | Found a glowing golden altar of the Shining One.
 51775 | Desolati | Entered the Desolation of Salt
 51841 | Desolati | Killed from afar by a ragged hierophant

Vault maps used:
D:1:      dpeg_arrival_connections
D:2:      doesnt_xom_only_xom, first_ration, minmay_pentomino_w4
D:3:      nicolae_ru_great_annihilating_truth, lemuel_round_altar,
          uniq_crazy_yiuf_cottage
D:4:      minmay_temple_entry_waves, ebering_ghost_sewer_d, elyvilon_altar_5,
          uniq_natasha
D:5:      tgw_trog, grunt_gozag_statues, uniq_ijyb, uniq_pikel
D:6:      lemuel_doored_altar, kennysheep_small_spiral, uniq_duvessa,
          uniq_menkaure
D:7:      grunt_livestock, serial_bayou_crossing
D:8:      gammafunk_temple_overflow_statue, st_stairs_7
D:9:      old_standard_altar, erik_lair_dragon, gammafunk_ghost_spectres
D:10:     orc_0_dummy
D:11:     wad_woods_stonehenge, portal_ice_cave_rime, grunt_ministairs_11,
          nicolae_blasting_shop, kennysheep_generic_room_12, uniq_erica,
          uniq_harold, uniq_fannar
D:12:     basic_altar, minmay_misc_feat_five, uniq_frances
D:13:     david_vaults_4, grunt_ministairs_6, lemuel_hellish_altar
D:14:     serial_park, amethyst_killhole
D:15:     grunt_enter_depths_hoard, cheibriados_altar_1, hive_lemuel, uniq_kirke
Temple:   dshaligram_water_room_temple
Lair:1:   worms_lemuel, infiniplex_staircase_pool, lemuel_fruit_tree
Lair:2:   swamp_mist, forest_entry_grove, grunt_megastairs_2
Lair:3:   serial_bayou_shore_a
Lair:4:   minmay_snake_entry_guardpost_large, serial_bayou_shore_b
Lair:5:   pond_and_an_island_with_a_cottage, ebering_ghost_funeral_grove,
          serial_bayou_pond_d
Lair:6:   hangedman_lair_tendril_chambers, guppyfry_lair_end_dragon,
          slime_altar_1, uniq_snorg
Swamp:1:  evilmike_swamp_ruin_rubble_2, uniq_nikola
Swamp:2:  nicolae_swamp_feature_on_the_river_bank
Swamp:3:  evilmike_swamp_ruin_house_1, swamp_pool4
Swamp:4:  swamp, swamp_pool3
Snake:1:  special_room, minmay_shoptagon
Snake:3:  basic_altar, evilmike_ambush, uniq_agnes
Snake:4:  johnstein_snake_rune_scales, minmay_shop_star
Orc:1:    rock_pile
Orc:2:    grunt_orc_tribal_feast, basic_altar, minmay_shop_mass,
          minmay_shop_mayhem, uniq_saint_roka
Elf:1:    serial_shops, shop, hangedman_elf_disciples, uniq_roxanne, uniq_louise
Elf:2:    gammafunk_ghost_split, lemuel_elevator, uniq_azrael
Vaults:1: v_pattern_1, st_cross, vaults_mumra_chevron_long,
          nicolae_vaults_network_periphery, vaults_room_grunt_arrival_ludios,
          hangedman_vaults_maws, v_misc_28, nicolae_vaults_sealed_display,
          vaults_room_pool, serial_shops, nicolae_shop_behind_doors
Vaults:2: hangedman_vaults_unwind, vaults_room_pool,
          nicolae_vaults_windows_and_doors_thing, hangedman_vaults_stitches,
          nicolae_vaults_network_quincunx, v_alt_pattern_2,
          hangedman_vaults_corner, nicolae_vaults_ring_of_whatevers,
          vaults_room_pool, st_lines, uniq_boris
Vaults:3: grunt_vaults_swirl, minmay_crypt_entry_simple_box,
          grunt_vaults_twisty, grunt_vaults_hallway_long, vaults_room_door_hall,
          vaults_mumra_minichess, hangedman_vaults_cutoff, sword_in_stone,
          dpeg_vaults_monster_box, serial_shops, nicolae_shop_waterfront
Vaults:4: grunt_vaults_focal, hangedman_vaults_cutoff, v_misc_13,
          vaults_room_semicircle, hangedman_vaults_corner_blocks,
          ontoclasm_vaults_ring_square, vaults_room_door_hall,
          vaults_room_fours, v_pattern_4, nicolae_vaults_ninety_degrees,
          portal_desolation_entry_holy_temple, serial_glass
Abyss:3:  nicolae_abyss_rune_star_stuff
IceCv:    ice_cave_caverns_01

Skill      XL: |  1  2  3  4  5  6  7  8  9 10 11 12 13 14 15 16 17 18 19 20 21 |
---------------+----------------------------------------------------------------+-----
Dodging        | 1 2 3 4 5 7 8 9 10 11 12 13 14 15 16 | 16.1
Shields        | 4 5 6 7 8 9 10 11 13 14 16 17 18 19 | 19.7
Fighting       | 4 5 6 7 8 9 11 12 13 14 16 17 18 19 | 19.7
Armour         | 4 5 6 7 8 9 10 12 13 14 15 16 17 18 19 | 19.2
Axes           | 3 4 5 7 8 10 11 12 13 14 15 | 15.8
Maces & Flails | 3 |  3.2
Invocations    | 3 5 6 7 9 10 11 12 | 12.0
Charms         | 3 6 8 9 |  9.3
Spellcasting   | 2 4 |  4.0
Hexes          | 2 4 |  4.0

Action                   |  1- 3 |  4- 6 |  7- 9 | 10-12 | 13-15 | 16-18 | 19-21 || total
-------------------------+-------+-------+-------+-------+-------+-------+-------++-------
Melee: War axe           |   104 |   172 |   151 |   539 |  1177 |  1485 |  1383 ||  5011
       Headbutt          |     8 |    13 |    28 |   105 |   272 |   320 |   311 ||  1057
       Mace              |       |       |    57 |       |    42 |    88 |       ||   187
       Hand axe          |       |       |       |    12 |    18 |    12 |       ||    42
       Staff             |       |       |       |       |     9 |       |       ||     9
 Cast: Song of Slaying   |       |       |       |       |       |       |     1 ||     1
Invok: Divine Shield     |       |       |       |     5 |    10 |    34 |    20 ||    69
       Summon Divine War |       |       |       |       |       |    10 |     5 ||    15
       Cleansing Flame   |       |       |       |       |       |    13 |     6 ||    19
 Abil: Evoke Flight      |       |       |       |     1 |     2 |     3 |       ||     6
       Stop Flying       |       |       |       |       |     1 |       |       ||     1
  Use: Scroll            |       |       |    22 |     4 |    17 |     8 |     4 ||    55
       Potion            |       |       |       |     3 |     1 |     6 |       ||    10
  Eat: Chunk             |     1 |     7 |    11 |    22 |    25 |    21 |    22 ||   109
       Ration            |       |       |       |     1 |     5 |    12 |     3 ||    21
Armor: Scale mail        |    58 |   100 |    37 |       |       |       |       ||   195
       Chain mail        |       |       |    30 |       |       |       |       ||    30
       Plate armour      |       |       |       |   139 |   353 |   527 |   252 ||  1271
Dodge: Dodged            |    40 |    83 |    49 |   128 |   303 |   311 |   181 ||  1095
Block: Shield            |    56 |   118 |    96 |   244 |   403 |       |       ||   917
       Large shield      |       |       |       |       |   429 |  1554 |  1173 ||  3156

Table legend:
 A = Non-vault XP
 B = Vault XP
 C = Vault XP percentage of total XP
 D = Non-vault monster count
 E = Vault monster count
 F = Vault count percentage of total count
                 A         B        C        D         E       F
            +---------+---------+-------+---------+---------+-------
      Total |  321667 |  300881 |  48.3 |    1029 |     569 |  35.6
            +---------+---------+-------+---------+---------+-------
        D:1 |      39 |       0 |   0.0 |      21 |       0 |   0.0
        D:2 |      87 |       7 |   7.4 |      33 |       6 |  15.4
        D:3 |     289 |      96 |  24.9 |      31 |       5 |  13.9
        D:4 |     338 |     243 |  41.8 |      15 |       4 |  21.1
        D:5 |     389 |     672 |  63.3 |       8 |       6 |  42.9
        D:6 |    1038 |     394 |  27.5 |      21 |       3 |  12.5
        D:7 |    1039 |     993 |  48.9 |      30 |       5 |  14.3
        D:8 |     456 |       0 |   0.0 |       3 |       0 |   0.0
        D:9 |    2864 |    3297 |  53.5 |      30 |      12 |  28.6
       D:10 |    2570 |       0 |   0.0 |      25 |       0 |   0.0
       D:11 |    2318 |    5872 |  71.7 |      25 |      17 |  40.5
       D:12 |    3899 |    2024 |  34.2 |      28 |       1 |   3.4
       D:13 |    4172 |    3376 |  44.7 |      17 |      13 |  43.3
       D:14 |    7049 |       0 |   0.0 |      22 |       0 |   0.0
       D:15 |    9289 |    4792 |  34.0 |      27 |       6 |  18.2
     Temple |       2 |       0 |   0.0 |       1 |       0 |   0.0
     Lair:1 |    4973 |     819 |  14.1 |      18 |       5 |  21.7
     Lair:2 |    3388 |    1970 |  36.8 |      16 |      11 |  40.7
     Lair:3 |    6523 |       0 |   0.0 |      31 |       0 |   0.0
     Lair:4 |    4254 |    1121 |  20.9 |      17 |       7 |  29.2
     Lair:5 |   12990 |    3487 |  21.2 |      46 |      11 |  19.3
     Lair:6 |    8432 |   14179 |  62.7 |      24 |      50 |  67.6
    Swamp:1 |   20417 |    3457 |  14.5 |      50 |       1 |   2.0
    Swamp:2 |    8003 |       0 |   0.0 |      29 |       0 |   0.0
    Swamp:3 |   10434 |    2084 |  16.6 |      34 |       3 |   8.1
    Swamp:4 |   11761 |   17300 |  59.5 |      35 |      24 |  40.7
    Snake:1 |   14306 |       0 |   0.0 |      27 |       0 |   0.0
    Snake:2 |   15362 |    9079 |  37.1 |      26 |      12 |  31.6
    Snake:3 |    8327 |    6198 |  42.7 |      19 |      12 |  38.7
    Snake:4 |   19816 |   34630 |  63.6 |      42 |      57 |  57.6
      Orc:1 |    4169 |       9 |   0.2 |      30 |       3 |   9.1
      Orc:2 |    4292 |   11046 |  72.0 |      26 |      39 |  60.0
      Elf:1 |   29184 |    9048 |  23.7 |      48 |      11 |  18.6
      Elf:2 |   12219 |   26027 |  68.1 |      21 |      38 |  64.4
   Vaults:1 |   25026 |   21923 |  46.7 |      55 |      27 |  32.9
   Vaults:2 |   31505 |   32383 |  50.7 |      46 |      41 |  47.1
   Vaults:3 |   25806 |   40661 |  61.2 |      44 |      54 |  55.1
   Vaults:4 |     706 |    3020 |  81.1 |       1 |       2 |  66.7
    Abyss:3 |    3936 |   14985 |  79.2 |       7 |       5 |  41.7
      IceCv |       0 |   13125 | 100.0 |       0 |      51 | 100.0
 Desolation |       0 |   12564 | 100.0 |       0 |      27 | 100.0
            +---------+---------+-------+---------+---------+-------
